 Dungeon Crawl Stone Soup version 0.29-a0-789-g7a8fcbc185 (webtiles) character file.

Game seed: 5183670145933968070

1897 ilikepepper the Twirler (level 8, -3/78 HPs)
             Began as a Troll Gladiator on July 3, 2022.
             Was a Believer of Trog.
             Shot with an arrow by a centaur (10 damage)
             ... on level 7 of the Dungeon.
             The game lasted 00:28:33 (5908 turns).

ilikepepper the Twirler (Troll Gladiator)           Turns: 5908, Time: 00:28:33

Health: -3/78      AC:  4    Str: 25    XL:     8   Next: 93%
Magic:  7/7        EV: 11    Int:  4    God:    Trog [**....]
Gold:   414        SH:  0    Dex: 11    Spells: 7/7 levels left

rFire   . . .      SeeInvis .   r - +7 quarterstaff (chaos)
rCold   . . .      Faith    .   (shield currently unavailable)
rNeg    + . .      Spirit   .   b - +0 robe
rPois   +          Reflect  .   c - +0 hat
rElec   .          Harm     .   (no cloak)
rCorr   .          Rampage  .   (gloves unavailable)
Will    .....                   (boots unavailable)
Stlth   ++........              y - amulet of regeneration
HPRegen 1.83/turn               j - ring of poison resistance
MPRegen 0.10/turn               o - ring of positive energy

@: studying Shields
A: large, unfitting armour, claws 3, regeneration 1, shaggy fur 1, tough skin 1
a: Renounce Religion, Berserk, Trog's Hand


You were on level 7 of the Dungeon.
You worshipped Trog.
Trog was pleased with you.
You visited 2 branches of the dungeon, and saw 8 of its levels.

You collected 414 gold pieces.

Inventory:

Hand Weapons
 a - a +0 flail
 r - a +7 quarterstaff of chaos (weapon)
 s - a +0 hammer
Missiles
 d - a throwing net
 e - a large rock
 m - an atropa-tipped dart (quivered)
Armour
 b - a +0 robe (worn)
 c - a +0 hat (worn)
 h - a +0 scale mail
Jewellery
 j - a ring of poison resistance (left claw)
 o - a ring of positive energy (right claw)
 t - a ring of resist corrosion
 x - a ring of protection from fire
 y - an amulet of regeneration (around neck)
Wands
 A - a wand of acid (4)
Scrolls
 i - 2 scrolls of fear
 l - 2 scrolls of teleportation
 n - a scroll of fog {unknown}
 u - a scroll of immolation {unknown}
 v - 2 scrolls of identify
 z - a scroll of noise {unknown}
Potions
 g - a potion of haste
 k - a potion of mutation
 q - 2 potions of flight
 w - 2 potions of curing
 B - a potion of ambrosia {unknown}


   Skills:
 + Level 4.2 Fighting
 + Level 4.5(6.2) Maces & Flails
 + Level 5.9(6.5) Staves
 + Level 2.0 Throwing
 + Level 4.8 Dodging
 + Level 2.1 Stealth
 + Level 0.9 Evocations


You had 7 spell levels left.
You didn't know any spells.
Your spell library contained the following spells:

 Spells                   Type           Power      Damage    Failure   Level
 Gell's Gravitas          Tloc           0%         N/A       86%         3
 Teleport Other           Tloc           0%         N/A       86%         3
 Dispersal                Tloc           0%         N/A       100%        6


Dungeon Overview and Level Annotations

Branches:
Dungeon (7/15)             Temple (1/1) D:6

Altars:
Ashenzari
Cheibriados
Dithmenos
Elyvilon
Fedhas
Gozag
Hepliaklqana
Makhleb
Nemelex Xobeh
Okawaru
Ru
Sif Muna
Trog
Uskayaw
Vehumet
Wu Jian
Xom
Yredelemnul
Zin

Shops:
D:3 !


Innate Abilities, Weirdness & Mutations

You are too large for most types of armour.
You have claws for hands.
Your natural rate of healing is unusually fast.
You are covered in fur. (AC +1)
You have tough skin. (AC +1)


Message History

Blink to where?
Press: ? - help, Q - select action, (/) - cycle Dir - move target, p - centaur
As you read the scroll of blinking, it crumbles to dust.
Aiming: Paralyse
Press: ? - help, Q - select action, (/) - cycle Shift-Dir - straight line, f - kobold
Aim: a kobold, wielding a +0 club and quivering stones (chance to affect: 68%)
The kobold suddenly stops moving!
Aiming: Paralyse
Press: ? - help, Q - select action, (/) - cycle Shift-Dir - straight line, f - killer bee, p - kobold
Aim: a killer bee (chance to affect: 60%)
The killer bee suddenly stops moving!
The now-empty wand crumbles to dust.
The centaur wields a +0 shortbow.
The centaur shoots an arrow.
The arrow hits you!
Throw: 2 darts (atropa)
Press: ? - help, Q - select action, (/) - cycle Shift-Dir - straight line, f - kobold, p - killer bee
Aim: a kobold, wielding a +0 whip (51% to hit, chance to blind on hit: 100%)
You throw an atropa-tipped dart. The atropa-tipped dart hits the kobold.
The kobold appears confused.
The centaur shoots an arrow.
The arrow closely misses you.
The centaur shoots an arrow.
The arrow hits you!
* * * LOW HITPOINT WARNING * * *
The kobold seems less confused.
The centaur shoots an arrow.
The arrow hits you.
* * * LOW HITPOINT WARNING * * *
The kobold hits you but does no damage.
The centaur shoots an arrow.
The arrow hits you!
* * * LOW HITPOINT WARNING * * *
You hit the kobold.
The kobold is poisoned.
The kobold is severely wounded.
You kill the kobold!
Trog accepts your kill.
Blink to where?
Press: ? - help, Q - select action, (/) - cycle Dir - move target
As you read the scroll of blinking, it crumbles to dust.
The centaur shoots an arrow.
The arrow misses you.
The centaur shoots an arrow.
The arrow hits you!
* * * LOW HITPOINT WARNING * * *
The centaur shoots an arrow.
The arrow closely misses you.
The centaur shoots an arrow.
The arrow hits you!
You die...

######
.....)###############
......).............#
......#@..†.K.......#
..... #....†.c(.<...#
.... #...##....)..##
... #...##..yc§..##
.. #.............# .
#............##
#............#
###########+##


You could see a centaur, a killer bee (paralysed) and a kobold (paralysed).

Vanquished Creatures
  Grinder (D:6)
  Sigmund (D:3)
  A water moccasin (D:6)
  A black bear (D:5)
  3 ogres
  A kobold brigand (D:7)
  Blork the orc (D:4)
  2 scorpions
  5 killer bees (D:7)
  3 hounds (D:4)
  2 jellies (D:6)
  A bouda (D:6)
  Crazy Yiuf (D:2)
  An iguana (D:6)
  Terence (D:3)
  2 orc wizards (D:5)
  Robin (D:3)
  9 adders
  7 gnolls
  A shadow imp (D:6)
  2 ufetubi
  2 worms (D:2)
  3 dart slugs
  3 orcs
  3 ball pythons
  6 endoplasms
  A giant cockroach (D:1)
  14 goblins
  10 hobgoblins
  2 quokkas (D:1)
  7 bats
  2 frilled lizards
  13 kobolds
  2 rats
115 creatures vanquished.

Vanquished Creatures (collateral kills)
  A hound (D:5)
1 creature vanquished.

Vanquished Creatures (others)
  A kobold zombie (D:4)
1 creature vanquished.

Grand Total: 117 creatures vanquished

Notes
Turn   | Place    | Note
-------+----------+-------------------------------------------
     0 | D:1      | ilikepepper the Troll Gladiator began the quest for the
                  | Orb.
     0 | D:1      | Reached XP level 1. HP: 19/19 MP: 0/0
    98 | D:1      | Reached XP level 2. HP: 28/28 MP: 1/1
  1147 | D:2      | Reached XP level 3. HP: 22/35 MP: 2/2
  1804 | D:2      | Found a runed translucent door.
  1805 | D:2      | Noticed Crazy Yiuf
  2010 | D:2      | Killed Crazy Yiuf
  2011 | D:2      | Reached XP level 4. HP: 13/42 MP: 3/3
  2050 | D:3      | Found Amaref's Distillery.
  2092 | D:3      | Noticed Sigmund
  2103 | D:3      | Killed Sigmund
  2104 | D:3      | Reached skill level 1 in Staves
  2104 | D:3      | Reached XP level 5. HP: 23/50 MP: 4/4
  2164 | D:3      | Noticed Robin
  2170 | D:3      | Reached XP level 6. HP: 47/59 MP: 5/5
  2259 | D:3      | Noticed Terence
  2263 | D:3      | Killed Terence
  2311 | D:3      | Killed Robin
  2348 | D:3      | Found a faded altar of an unknown god.
  2393 | D:3      | Found a bloodstained altar of Trog.
  2401 | D:3      | Became a worshipper of Trog the Wrathful
  3452 | D:4      | Noticed Blork the orc
  3464 | D:4      | Killed Blork the orc
  3465 | D:4      | Reached skill level 2 in Staves
  4002 | D:4      | Reached XP level 7. HP: 9/66 MP: 6/6
  4155 | D:5      | Entered Level 5 of the Dungeon
  4279 | D:5      | Reached skill level 3 in Staves
  4279 | D:5      | Reached skill level 1 in Stealth
  4280 | D:5      | Reached * piety under Trog
  4433 | D:5      | Reached skill level 4 in Staves
  4595 | D:5      | Reached XP level 8. HP: 70/76 MP: 7/7
  4707 | D:6      | Noticed Grinder
  4710 | D:6      | Paralysed by Grinder for 5 turns
  4737 | D:6      | Paralysed by Grinder for 4 turns
  4750 | D:6      | Killed Grinder
  4751 | D:6      | Found a staircase to the Ecumenical Temple.
  4803 | D:6      | Found a radiant altar of Vehumet.
  4828 | D:6      | Reached skill level 5 in Staves
  5025 | D:6      | Found an iron altar of Okawaru.
  5215 | Temple   | Entered the Ecumenical Temple
  5502 | D:6      | Found a snail-covered altar of Cheibriados.
  5504 | D:6      | Found a sacrificial altar of Ru.
  5881 | D:7      | Reached ** piety under Trog
  5905 | D:7      | HP: 1/78 [centaur/arrow (9)]
  5908 | D:7      | Shot with an arrow by a centaur

Illustrated notes

Levels and vault maps discovered:
D:1:      matt_arrival_diagonals, layout_basic, minmay_hexomino_u4
D:2:      layout_basic, minmay_misc_feat_rows, kennysheep_pointless_box,
          uniq_crazy_yiuf_cottage
D:3:      layout_basic, trog_hazing_becter, serial_shops, nicolae_diamond_shop,
          chequers_ecumenical_altar_lobes, kennysheep_potato, uniq_sigmund,
          uniq_terence, uniq_robin
D:4:      layout_gridville, uniq_blork_the_orc
D:5:      layout_rooms, serial_rivers, chequers_serial_rivers_micro_e,
          chequers_serial_rivers_micro_c, chequers_serial_rivers_micro_c,
          chequers_serial_rivers_marsh, chequers_serial_rivers_micro_a,
          chequers_serial_rivers_marsh, serial_bayou_crossing
D:6:      layout_basic, amcnicky_altar_gilded, mainiacjoe_overflow_24_doors,
          grunt_temple_overflow_open, minmay_temple_entry_drinking_statues,
          uniq_grinder
D:7:      layout_gridville, nicolae_qazlal_scattered_showers,
          nicolae_kikubaaqudgha_miasma_corner, worms_lemuel
Temple:   jpeg_temple_clearing

Skill      XL: |  1  2  3  4  5  6  7  8 |
---------------+-------------------------+-----
Maces & Flails | 3 4 |  4.5
Fighting       | 2 3 4 |  4.2
Dodging        | 3 4 |  4.8
Staves         | 1 2 4 5 |  5.9
Stealth        | 1 2 |  2.1
Throwing       | 2 |  2.0
Evocations     | |  0.9

Action                   |  1- 3 |  4- 6 |  7- 9 || total
-------------------------+-------+-------+-------++-------
Melee: Flail             |   123 |       |       ||   123
       Punch             |     2 |       |       ||     2
       Quarterstaff      |       |   101 |   102 ||   203
Throw: Throwing net      |     1 |     2 |     1 ||     4
       Dart              |       |     1 |     1 ||     2
       Large rock        |       |     1 |       ||     1
Evoke: Wand              |       |       |     8 ||     8
  Use: Scroll            |     9 |     6 |     3 ||    18
       Potion            |     1 |     4 |     3 ||     8
 Stab: Sleeping          |     1 |     1 |     1 ||     3
Armor: Robe              |    58 |    68 |    28 ||   154
Dodge: Dodged            |    82 |   102 |    82 ||   266

Table legend: (Time is in decaauts)
 A = Elapsed time spent in this place.
 B = Non-inter-level travel time spent in this place.
 C = Inter-level travel time spent in this place.
 D = Time resting spent in this place.
 E = Time spent auto-exploring this place.
 F = Levels seen in this place.
 G = Mean time per level.
                   A        B        C        D        E       F      G
               +--------+--------+--------+--------+--------+-----+--------+
         Total |   5975 |   1122 |   4853 |      0 |     44 |   8 |  746.9 |
       Dungeon |   5878 |   1114 |   4764 |      0 |     44 |   7 |  839.7 |
        Temple |     96 |      7 |     89 |      0 |      0 |   1 |   96.0 |
               +--------+--------+--------+--------+--------+-----+--------+

Top non-repeatable levels by time:
     D:3: 1235 daAuts
     D:2: 1092 daAuts
     D:6: 1056 daAuts
     D:1: 986 daAuts
     D:4: 887 daAuts
     D:5: 566 daAuts
  Temple: 96 daAuts
     D:7: 53 daAuts
